 Dungeon Crawl Stone Soup version 0.27.0-1-g7a089689b8 (webtiles) character file.

Game seed: 2859818084981021264

51 Crownlay the Shooter (level 3, -2/30 HPs)
             Began as a Minotaur Hunter on Aug 12, 2021.
             Slain by Sigmund (7 damage)
             ... on level 2 of the Dungeon.
             The game lasted 00:03:23 (1353 turns).

Crownlay the Shooter (Minotaur Hunter)              Turns: 1353, Time: 00:03:23

Health: -2/30      AC:  3    Str: 16    XL:     3   Next: 58%
Magic:  2/2        EV: 11    Int:  8    God:
Gold:   111        SH:  0    Dex: 11    Spells: 2/2 levels left

rFire    . . .     SeeInvis .   a - +1 shortbow
rCold    . . .     Faith    .   (shield currently unavailable)
rNeg     . . .     Spirit   .   c - +0 leather armour
rPois    .         Reflect  .   (helmet restricted)
rElec    .         Harm     .   (no cloak)
rCorr    .         Rampage  .   (no gloves)
Will     .....                  (no boots)
Stlth    +.........             (no amulet)
HPRegen  0.10/turn              (no ring)
MPRegen  0.08/turn              (no ring)

@: confused
A: horns 2, retaliatory headbutt
a: no special abilities


You were on level 2 of the Dungeon.
You visited 1 branch of the dungeon, and saw 2 of its levels.

You collected 111 gold pieces.

Inventory:

Hand Weapons
 a - a +1 shortbow (weapon)
 b - a +0 short sword
Missiles
 d - 17 arrows (quivered ammo)
Armour
 c - a +0 leather armour (worn)
Wands
 l - a wand of iceblast (11)
Scrolls
 e - a scroll of fear {unknown}
 f - a scroll of enchant weapon {unknown}
 g - a scroll of acquirement {unknown}
 h - 3 scrolls of teleportation {unknown}
 i - a scroll of magic mapping {unknown}
 j - a scroll of torment {unknown}
Potions
 k - a potion of haste {unknown}


   Skills:
 - Level 2.4 Fighting
 + Level 5.9 Bows
 - Level 2.1 Dodging
 - Level 0.7 Stealth


You had 2 spell levels left.
You didn't know any spells.
Your spell library contained the following spells:

 Spells                   Type           Power      Damage    Failure   Level
 Slow                     Hex            0%         N/A       63%         2
 Confusing Touch          Hex            0%         N/A       85%         3
 Vampiric Draining        Necr           0%         2d6       85%         3


Dungeon Overview and Level Annotations

Branches:
Dungeon (2/15)

Altars:

Annotations:
D:2 Sigmund


Innate Abilities, Weirdness & Mutations

You have a pair of horns on your head.
You reflexively headbutt those who attack you in melee.


Message History

The worm is heavily wounded.
The worm bites you.
You barely miss the worm. Your headbutt misses the worm.
The worm is heavily wounded.
You hit the worm. You headbutt the worm.
You kill the worm!
No target in view!
No target in view!
No target in view!
No target in view!
There is a stone staircase leading up here.
A bat and Sigmund come into view.
Sigmund casts a spell at you.
You are confused.
Found 26 stones.
You bump into the rock wall.
The bat hits you.
You bump into the rock wall.
The bat completely misses you.
You bump into the rock wall.
The bat closely misses you.
You closely miss the bat. The bat barely misses you. The bat barely misses you.
The bat hits you but does no damage.
Sigmund casts a spell.
Sigmund flickers and vanishes!
Deactivating autopickup; reactivate with Ctrl-A.
You're too confused to move!
You feel less confused. The bat barely misses you. You furiously retaliate!
You headbutt the bat.
You kill the bat!
Something barely misses you.
A goblin comes into view. It is wielding a +0 club.
You see here a bat corpse.
A puff of flame appears from out of thin air!
The puff of flame hits you.
No target in view!
a - a +1 shortbow (weapon)
You are confused.
You're too confused to move!
Something hits you! Something hits you.
* * * LOW HITPOINT WARNING * * *
Something hits you!
You die...

.##
#.###.........######...##.
..## #.# #.........#
#.......( ...#
##.######....### #........
...####...#####....# ........
.............##....####
#....#
...####...##.####.....#
#....# .#.#####.###.#
##..##.# #.#.## ##.......#
#.# #....#.# #†# # >..#######
#.# #@...#.# #.# ...# #.#
#..{...# #.# ##.# #.#
#<#..######.# #.#########.#
#.#.........#
#...........###.#.#######.###
#.................# #...##
#.#.############### #.#..#
#>#.# #≈≈≈≈.# #...# #....≈.#


There were no monsters in sight!

Vanquished Creatures
  A worm (D:2)
  4 dart slugs (D:1)
  7 endoplasms
  A giant cockroach (D:1)
  4 goblins (D:1)
  2 hobgoblins
  2 jackals (D:1)
  4 ball pythons (D:1)
  4 bats
  2 frilled lizards (D:1)
  4 kobolds (D:1)
  3 rats
38 creatures vanquished.

Notes
Turn   | Place    | Note
-------+----------+-------------------------------------------
     0 | D:1      | Crownlay the Minotaur Hunter began the quest for the Orb.
     0 | D:1      | Reached XP level 1. HP: 18/18 MP: 0/0
   154 | D:1      | Reached XP level 2. HP: 25/25 MP: 1/1
   161 | D:1      | Reached skill level 5 in Bows
   530 | D:1      | Reached XP level 3. HP: 30/30 MP: 2/2
  1326 | D:2      | Noticed Sigmund
  1353 | D:2      | Slain by Sigmund

Illustrated notes

Levels and vault maps discovered:
D:1:      wander_arrival_chamber, layout_basic,
          amcnicky_mini_rare_corridor_liquid
D:2:      layout_loops_ring, shapermc_ecumenical_altar_mp_highgroup,
          serial_rivers, chequers_serial_rivers_micro_d,
          chequers_serial_rivers_room_b, chequers_serial_rivers_room_b,
          chequers_serial_rivers_micro_d, chequers_serial_rivers_micro_c,
          chequers_serial_rivers_small_b, uniq_sigmund

Skill      XL: |  1  2 |
---------------+-------+-----
Bows           | 5 |  5.9
Fighting       | |  2.4
Dodging        | |  2.1
Stealth        | |  0.7

Action                   || total
-------------------------++-------
Melee: Short sword       ||    60
       Headbutt          ||    13
 Fire: Shortbow          ||    16
 Stab: Sleeping          ||     1
Armor: Leather armour    ||    24
Dodge: Dodged            ||    47
